 Dungeon Crawl Stone Soup version 0.28.0 (webtiles) character file.

Game seed: 13031398245570483583

233 Morbidden the Chopper (level 5, -3/45 HPs)
             Began as a Demigod Fighter on Feb 11, 2022.
             Succumbed to a scorpion's poison
             ... on level 4 of the Dungeon.
             The game lasted 00:03:48 (3969 turns).

Morbidden the Chopper (Demigod Fighter)             Turns: 3969, Time: 00:03:49

Health: -3/45      AC:  9    Str: 21    XL:     5   Next: 46%
Magic:  7/7        EV:  9    Int: 10    God:
Gold:   202        SH:  4    Dex: 13    Spells: 4/4 levels left

rFire   . . .      SeeInvis .   a - +0 war axe
rCold   . . .      Faith    .   c - +0 buckler
rNeg    + . .      Spirit   .   r - +0 scale mail {rN+}
rPois   .          Reflect  .   s - +0 helmet
rElec   .          Harm     .   (no cloak)
rCorr   .          Rampage  .   (no gloves)
Will    .....                   k - +0 pair of boots
Stlth   ..........              (no amulet)
HPRegen 0.15/turn               (no ring)
MPRegen 0.10/turn               (no ring)

@: lethally poisoned (-3 -> -19), invisible
A: high MP 1, forlorn, divine attributes
a: no special abilities


You were on level 4 of the Dungeon.
You visited 1 branch of the dungeon, and saw 4 of its levels.

You collected 202 gold pieces.

Inventory:

Hand Weapons
 a - a +0 war axe (weapon)
 b - the +5 dagger of the Shark {vamp, rElec}
   (You found it on level 4 of the Dungeon)

   It occasionally heals its wielder for a portion of the damage dealt when it
   wounds a living foe.
   rElec:     It insulates you from electricity.
Missiles
 l - a throwing net
 p - 2 atropa-tipped darts (quivered)
 q - 11 poisoned darts
Armour
 c - a +0 buckler (worn)
 k - a +0 pair of boots (worn)
 r - a +0 scale mail of positive energy (worn)
 s - a +0 helmet (worn)
Wands
 m - a wand of flame (3)
Scrolls
 f - a scroll of vulnerability {unknown}
 h - a scroll of fog {unknown}
 j - 9 scrolls of identify {unknown}
Potions
 d - a potion of might
 e - a potion of invisibility
 g - 2 potions of flight {unknown}
 i - 2 potions of heal wounds {unknown}
 n - 2 potions of curing {unknown}
 o - a potion of brilliance {unknown}


   Skills:
 * Level 3.3 Fighting
 * Level 4.1 Axes
 + Level 3.5 Armour
 * Level 1.2 Dodging
 + Level 0.2 Stealth
 + Level 2.8 Shields
 + Level 0.1 Evocations


You had 4 spell levels left.
You didn't know any spells.
Your spell library contained the following spells:

 Spells                   Type           Power      Damage    Failure   Level
 Ensorcelled Hibernation  Hex/Ice        0%         N/A       90%         2
 Passwall                 Tmut/Erth      0%         N/A       90%         2
 Swiftness                Air            0%         N/A       99%         3


Dungeon Overview and Level Annotations

Branches:
Dungeon (4/15)             Temple (0/1) D:4

Shops:
D:1 *


Innate Abilities, Weirdness & Mutations

You have an increased reservoir of magic. (+10% MP)
You shall have no god before yourself.
Your divine heritage dramatically boosts your attributes as you level up.


Message History

The adder appears confused.
You feel sick. The scorpion stings you.
You are more poisoned.
The scorpion poisons you!
Unknown command.
Throw: 4 darts (atropa)
Press: ? - help, Q - select action, (/) - cycle Shift-Dir - straight line, f - scorpion
Aim: a scorpion (heavily wounded, 57% to hit, chance to blind on hit: 51%)
You throw an atropa-tipped dart.
The atropa-tipped dart closely misses the scorpion.
You feel very sick. The scorpion barely misses you.
The scorpion stings you but does no damage.
Throw: 3 darts (atropa)
Press: ? - help, Q - select action, (/) - cycle Shift-Dir - straight line, f/p - scorpion
Aim: a scorpion (heavily wounded, 57% to hit, chance to blind on hit: 51%)
You throw an atropa-tipped dart.
The atropa-tipped dart closely misses the scorpion.
You feel very sick. The adder bites you but does no damage.
The scorpion stings you.
You barely miss the scorpion.
The scorpion is heavily wounded.
You miss the adder.
* * * LOW HITPOINT WARNING * * *
You feel very sick.
The adder is no longer blind.
You block the adder's attack. The scorpion stings you.
* * * LOW HITPOINT WARNING * * *
You are more poisoned.
The scorpion poisons you! The adder misses you.
You closely miss the scorpion.
The scorpion is heavily wounded.
You hit the adder.
* * * LOW HITPOINT WARNING * * *
You feel extremely sick. The scorpion barely misses you.
The adder bites you but does no damage. The scorpion barely misses you.
You block the adder's attack.
It was a potion of invisibility.
You fade into invisibility!
You die...

# ## .....#...#.. #. #.
...#.......#.. #.
.#.....>.....#
#.....#.......#.
#....(..#...#.. ######.
...#.......#
#.....S#s..##.#.#..#
#.##...@...........#####
#.##.##.##.#...#.#......
#.##.#...........##.....
#.#.....#..#.###.##.....
#.#..#.##..#.###.##(....
#....#.....#......#.....
####.#..#.######..###.##
#....# ....##..###.#
####.# ##.##......##


You could see a scorpion and an adder.

Vanquished Creatures
  A water moccasin skeleton (D:4)
  A bullfrog skeleton (D:4)
  Jessica (D:3)
  3 adders
  4 gnolls (D:3)
  A worm (D:3)
  A dart slug (D:1)
  3 orcs (D:3)
  6 ball pythons
  4 endoplasms
  3 giant cockroaches
  3 goblins
  5 hobgoblins
  6 jackals
  3 quokkas
  5 bats
  2 frilled lizards (D:1)
  6 kobolds
  2 rats (D:1)
60 creatures vanquished.

Notes
Turn   | Place    | Note
-------+----------+-------------------------------------------
     0 | D:1      | Morbidden the Demigod Fighter began the quest for the Orb.
     0 | D:1      | Reached XP level 1. HP: 18/18 MP: 3/3
    65 | D:1      | Found Laconilo's General Store.
   142 | D:1      | Reached XP level 2. HP: 12/25 MP: 4/4
   308 | D:1      | Reached skill level 2 in Axes
  1306 | D:2      | Reached XP level 3. HP: 31/31 MP: 5/5
  1975 | D:2      | Reached skill level 3 in Axes
  2716 | D:3      | Noticed Jessica
  2724 | D:3      | Killed Jessica
  2725 | D:3      | Reached XP level 4. HP: 36/38 MP: 6/6
  3268 | D:3      | Reached skill level 1 in Dodging
  3747 | D:4      | Reached XP level 5. HP: 44/45 MP: 7/7
  3759 | D:4      | Reached skill level 4 in Axes
  3850 | D:4      | Identified the +5 dagger of the Shark {vamp, rElec}
  3903 | D:4      | Found a staircase to the Ecumenical Temple.
  3968 | D:4      | HP: 1/45 [poisoned by a scorpion]
  3969 | D:4      | Succumbed to a scorpion's poison

Illustrated notes

Levels and vault maps discovered:
D:1:      erik_arrival_triangle_small, layout_basic, serial_shops,
          nicolae_shop_statue_plus, ebering_ecumenical_altar_sacrificial
D:2:      layout_loops_cross, serial_co_window_serial, co_window_paths_a,
          co_window_paths_a, co_window_corner_a, co_window_paths_a,
          co_window_corner_a, co_window_of_opportunity_a, co_window_paths_a,
          co_window_of_opportunity_a, co_window_corner_a, co_window_broadway_c,
          co_window_of_opportunity_b, co_window_cross_2, co_window_broadway_c,
          co_window_corner_b, co_window_corner_b, co_window_broadway_a,
          basic_altar
D:3:      kb_forest_paths, layout_basic, uniq_jessica
D:4:      layout_basic, amcnicky_altar_gilded, minmay_temple_entry_sparse_star,
          uniq_sigmund

Skill      XL: |  1  2  3  4  5 |
---------------+----------------+-----
Axes           | 2 3 4 |  4.1
Fighting       | 3 |  3.3
Armour         | 3 |  3.5
Dodging        | 1 |  1.2
Stealth        | |  0.2
Shields        | |  2.8
Evocations     | |  0.1

Action                   |  1- 3 |  4- 6 || total
-------------------------+-------+-------++-------
Melee: War axe           |    97 |    56 ||   153
Throw: Dart              |       |     4 ||     4
Evoke: Wand              |       |    10 ||    10
  Use: Potion            |       |     1 ||     1
Armor: Scale mail        |    48 |    28 ||    76
Dodge: Dodged            |    52 |    25 ||    77
Block: Buckler           |    20 |    14 ||    34
